 Dungeon Crawl Stone Soup version 0.27-a0-1256-gced786f65e (webtiles) character file.

Game seed: 2773651013686791439

67440 puppykicker the Frost Mage (level 15, -7/112 HPs)
             Began as a Barachi Ice Elementalist on June 11, 2021.
             Was a High Priest of Vehumet.
             Mangled by a cyclops (11 damage)
             ... while petrified by a basilisk
             ... on level 13 of the Dungeon.
             The game lasted 02:15:01 (19962 turns).

puppykicker the Frost Mage (BaIE)                  Turns: 19962, Time: 02:15:01

Health: -7/112     AC: 15    Str: 13    XL:     15   Next: 23%
Magic:  28/28      EV:  2    Int: 18    God:    Vehumet [*****.]
Gold:   1325       SH:  0    Dex: 19    Spells: 3/33 levels left

rFire    . . .     SeeInvis +   a - +2 scimitar (vorpal)
rCold    . . .     Faith    .   z - +2 buckler
rNeg     + + +     Spirit   .   q - +1 troll leather armour {Purgy}
rPois    ∞         Reflect  .   K - +2 hat {SInv} {sInv}
rElec    +         Harm     .   i - +2 cloak of the Thief {*Fog Slay-2 SInv Stlth+}
rCorr    .         Rampage  .   Q - +2 pair of gloves
Will     +....                  (no boots)
Stlth    ++++......             V - amulet of the acrobat
HPRegen  1.28/turn              k - +6 ring of dexterity
MPRegen  0.21/turn              v - ring "Xag Ulah" {Contam Fly rElec rPois rN+}

@: petrified, flying, slow
A: amphibious, slowness 1, strong legs 2, +LOS
a: Hop, Renounce Religion


You were on level 13 of the Dungeon.
You worshipped Vehumet.
Vehumet was extremely pleased with you.
You visited 3 branches of the dungeon, and saw 21 of its levels.

You collected 1463 gold pieces.
You spent 138 gold pieces at shops.

Inventory:

Hand Weapons
 a - a +2 vorpal scimitar (weapon)
 b - a +1 dagger of venom
Missiles
 g - 2 atropa-tipped darts
 p - 5 silver javelins (quivered)
 x - 4 throwing nets
 R - 9 curare-tipped darts
Armour
 i - the +2 cloak of the Thief (worn) {*Fog Slay-2 SInv Stlth+}
   (You found it on level 14 of the Dungeon)

   It affects your accuracy and damage with ranged weapons and melee attacks
   (-2).
   It lets you see invisible.
   It makes you more stealthy.
 m - a +2 kite shield of fire resistance {rF+}
 q - a +1 troll leather armour (worn) {Purgy}
 s - +0 fire dragon scales
 z - a +2 buckler (worn)
 K - a +2 hat of see invisible (worn) {sInv}
 Q - a +2 pair of gloves (worn)
Jewellery
 k - a +6 ring of dexterity (left hand)
 v - the ring "Xag Ulah" (right hand) {Contam Fly rElec rPois rN+}
   (You took it off a centaur warrior on level 14 of the Dungeon)

   [ring of flight]

   It insulates you from electricity.
   It protects you from poison.
   It protects you from negative energy.
   It grants you flight.
   It causes magical contamination when unequipped.
 F - a ring of protection from fire
 I - a ring of protection from cold
 V - an amulet of the acrobat (around neck)
Wands
 u - a wand of paralysis (6)
 A - a wand of polymorph (4)
 C - a wand of iceblast (17)
 N - a wand of flame (44)
 O - a wand of mindburst (27)
Scrolls
 e - 2 scrolls of fear
 f - 4 scrolls of fog
 j - 2 scrolls of enchant armour
 t - 12 scrolls of teleportation
 w - a scroll of enchant weapon
 B - 4 scrolls of blinking {!r}
 G - 2 scrolls of immolation {!r}
Potions
 c - 2 potions of cancellation
 d - 4 potions of berserk rage {!q}
 h - 2 potions of resistance
 l - 6 potions of curing
 n - 4 potions of heal wounds
 o - 9 potions of flight
 r - a potion of magic
 D - 5 potions of lignification {!q}
 E - 2 potions of ambrosia
 H - a potion of invisibility
 J - a potion of mutation {!q}
 L - 2 potions of attraction {!q}
 M - a potion of brilliance
 U - a potion of might
Miscellaneous
 S - a tin of tremorstones (2/2)


   Skills:
 + Level 8.7 Fighting
 + Level 11.9 Long Blades
 + Level 8.7 Armour
 + Level 8.1 Dodging
 - Level 5.0 Stealth
 + Level 4.8 Shields
 + Level 9.9 Spellcasting
 + Level 8.9 Conjurations
 + Level 9.1 Necromancy
 - Level 14.0 Ice Magic
 - Level 3.0 Air Magic
 - Level 3.0 Poison Magic
 - Level 5.0 Evocations


You had 3 spell levels left.
You knew the following spells:

 Your Spells              Type           Power      Damage    Failure   Level
a - Freeze                Ice            100%       1d11      1%          1
b - Frozen Ramparts       Ice            100%       1d12      1%          3
c - Freezing Cloud        Conj/Ice/Air   20%        6-21      2%          5
d - Hailstorm             Conj/Ice       50%        3d11      1%          4
e - Shock                 Conj/Air       100%       1d9       1%          1
f - Pain                  Necr           100%       1d9       1%          1
o - Ozocubu's Armour      Ice            56%        N/A       1%          3
s - Iskenderun's Battles  Conj           41%        2d9       1%          5
v - Vampiric Draining     Necr           20%        2d8       1%          3
x - Mephitic Cloud        Conj/Pois/Air  26%        N/A       1%          3
z - Animate Skeleton      Necr           82%        N/A       1%          1

Your spell library contained the following spells:

 Spells                   Type           Power      Damage    Failure   Level
 Yara's Violent Unravell  Hex/Tmut       4%         3d4       54%         5
 Foxfire                  Conj/Fire      100%       2x1d9     1%          1
 Ensorcelled Hibernation  Hex/Ice        68%        N/A       1%          2
 Poisonous Vapours        Pois/Air       38%        N/A       1%          2
 Static Discharge         Conj/Air       30%        N/A       1%          2
 Conjure Flame            Conj/Fire      25%        6-21      1%          3
 Dazzling Flash           Conj/Hex       50%        N/A       1%          3
 Sting                    Tmut/Pois      56%        1d5       5%          1
 Ignite Poison            Fire/Tmut/Pois 12%        N/A       5%          3
 Inner Flame              Hex/Fire       8%         N/A       9%          3
 Swiftness                Air            19%        N/A       9%          3
 Corona                   Hex            8%         N/A       10%         1
 Summon Small Mammal      Summ           32%        N/A       10%         1
 Call Imp                 Summ           8%         N/A       16%         2
 Call Canine Familiar     Summ           8%         N/A       30%         3
 Confusing Touch          Hex            8%         N/A       30%         3
 Summon Guardian Golem    Hex/Summ       8%         N/A       30%         3
 Tukima's Dance           Hex            8%         N/A       30%         3
 Animate Dead             Necr           20%        N/A       2%          4
 Dispel Undead            Necr           41%        3d16      2%          4
 Fulminant Prism          Conj/Hex       12%        3d9       4%          4
 Iskenderun's Mystic Bla  Conj/Tloc      25%        2d7       4%          4
 Sticky Flame             Conj/Fire      25%        2d5       4%          4
 Summon Ice Beast         Ice/Summ       34%        N/A       5%          4
 Agony                    Necr           41%        N/A       6%          5
 Lightning Bolt           Conj/Air       15%        1d29      7%          5
 Airstrike                Air            9%         N/A       8%          4
 Olgreb's Toxic Radiance  Pois           19%        N/A       8%          4
 Fireball                 Conj/Fire      12%        3d7       12%         5
 Metabolic Englaciation   Hex/Ice        17%        N/A       16%         5
 Bolt of Magma            Conj/Fire/Erth 9%         4d7       21%         5
 Orb of Destruction       Conj           20%        9d9       45%         7
 Summon Lightning Spire   Summ/Air       14%        N/A       47%         4
 Iron Shot                Conj/Erth      12%        9d3       50%         6
 Leda's Liquefaction      Hex/Erth       4%         N/A       69%         4
 Petrify                  Tmut/Erth      8%         N/A       69%         4
 Spellforged Servitor     Conj/Summ      12%        N/A       95%         7


Dungeon Overview and Level Annotations

Branches:
Dungeon (14/15)            Temple (1/1) D:4            Lair (6/6) D:8
  Swamp (0/4) Lair:2        Snake (0/4) Lair:4        Slime (0/5) Lair:6
    Orc (0/2) D:9
 Vaults: D:13-14

Altars:
Ashenzari
Dithmenos
Elyvilon
Fedhas
Gozag
Hepliaklqana
Kikubaaqudgha
Makhleb
Nemelex Xobeh
Qazlal
Uskayaw
Vehumet
Wu Jian
Yredelemnul
Zin
The Shining One

Shops:
D:5 (   D:7 [   D:11 *(

Portals:
Trove: D:13 (give 5 scrolls of fear)


Innate Abilities, Weirdness & Mutations

You are amphibious.
You cover ground slowly.
You can hop long distances.
You have an extended range of vision and can be seen from far away.


Message History

The cyclops shouts!
A fire dragon, a centaur warrior, a troll and a wizard come into view.
The centaur warrior wields a +0 shortbow.
The centaur warrior shoots an arrow.
The arrow completely misses you. The basilisk gazes at you.
You easily resist.
The wizard moves out of view.
The fire dragon moves out of view.
You regained 2 hp, and now have 26/112 hp.
The troll shouts!
The centaur warrior shoots an arrow.
You block the arrow. The basilisk gazes at you.
You are slowing down.
There is a stone staircase leading up, spattered with blood here.
The centaur warrior shoots an arrow.
The arrow barely misses you.
The centaur warrior shoots an arrow.
The arrow hits you.
* * * LOW HITPOINT WARNING * * *
The cyclops barely misses you.
You riposte.
You barely miss the cyclops.
The manticore flicks its tail.
The volley of spikes misses you.
The centaur warrior shoots an arrow.
The arrow barely misses you.
Your limbs are stiffening.
You fly upwards.
You have turned to stone.
The cyclops hits you!
* * * LOW HITPOINT WARNING * * *
The cyclops hits you!
* * * LOW HITPOINT WARNING * * *
The boulder beetle bites you but does no damage.
The cyclops hits you but does no damage.
The boulder beetle bites you but does no damage.
The boulder beetle bites you!
* * * LOW HITPOINT WARNING * * *
The cyclops hits you!
* * * LOW HITPOINT WARNING * * *
The boulder beetle bites you but does no damage.
The cyclops hits you!!
* * * LOW HITPOINT WARNING * * *
With a swish of your cloak, you release a cloud of fog.
The boulder beetle bites you but does no damage.
The boulder beetle leaps!
The cyclops hits you!!
You die...

#.# #.# #.# #.# #.# #.# ## #.#
##'## ##.###. ######B# ##...##
###...##. .......# ##^....##
#.....##. .##....# ##...§§§§##
##.#...##.
.##...°####...§§..§.####...#####.
.##....B..+...§§§§§.'.......[.[(.
.......####...§§@§..####...#####.
###.#°### ##..§§§C§## ##..# #.
........# ##.§§§§## ##.# ##
###.###.### ##...## #.# #
#.......# ##+## #.# # #.###.#.#
#.##########.# # #.###.#.##
#.#.......##.# #
#........####.#.#####.##.#
###.##................#.##.#


You could see a cyclops.

Levels and vault maps discovered:
D:1:      noname_arrival_rooms_in_the_neighbourhood, layout_rooms,
          chequers_serial_rivers_micro_a, minmay_tripent
D:2:      minmay_door_path, layout_basic, ebering_ecumenical_altar_hall,
          nrook_campfire
D:3:      layout_loops_ring, dk_vineyard_1, uniq_purgy
D:4:      layout_loops_ring, minmay_temple_entry_arrows, roderic_lattice_a,
          kennysheep_generic_room_8
D:5:      layout_cave_pools, serial_gnoll_camp, gnoll_camp_medium_01,
          gnoll_camp_mini_hut, gnoll_camp_mini_house, gnoll_camp_mini_shop,
          uniq_prince_ribbit1
D:6:      layout_cave_pools, gammafunk_ghost_stat_death, hex_tiny,
          serial_park_tiny_1, minmay_joined_circles
D:7:      layout_rooms, serial_shops, shop
D:8:      layout_rooms, lemuel_round_altar, david_lair_generic
D:9:      kennysheep_seaside_town, layout_gridville, zombieorc2_lemuel
D:10:     layout_basic
D:11:     layout_roguey, serial_shops, shop, ebering_ghost_rock_garden,
          hangedman_stone_soup, nicolae_transmutations_shop, minmay_crystal_room
D:12:     layout_stronghold
D:13:     layout_loops_corners, enter_trove_6, zin_angel
D:14:     minmay_the_grid_octo_2x2 [minmay_the_grid_octo_pinwheel,
          minmay_the_grid_octo_clover, minmay_the_grid_octo_checkerflower,
          minmay_the_grid_octo_prize_ultimate_mussel_roller], layout_rooms,
          david_vaults_1, vehumet_crystals, moated_statue
Temple:   compressed_dpeg_circular_temple
Lair:1:   layout_cave_pods, serial_bayou_shore_b
Lair:2:   layout_regular_city, swamp_mist_pool, lemuel_fruit_fields
Lair:3:   gammafunk_lair_enchanted_lake, layout_regular_city, st_stairs_12,
          wad_woods_river_01, uniq_gastronok
Lair:4:   layout_loops_ring, dummy_snake_entry, lemuel_fruit_tree, uniq_sonja
Lair:5:   layout_layer_cave, uniq_kirke, uniq_nessos
Lair:6:   cheibrodos_lair_end_hotspot, layout_layer_cave, slime_dummy,
          nicolae_volcano_entry_lava_flow, st_stairs_11

Notes
Turn   | Place    | Note
-------+----------+-------------------------------------------
     0 | D:1      | puppykicker the Barachi Ice Elementalist began the quest
                  | for the Orb.
     0 | D:1      | Reached XP level 1. HP: 13/13 MP: 3/3
    48 | D:1      | Identified a +0 whip
    85 | D:1      | Reached skill level 2 in Stealth
    85 | D:1      | Reached skill level 5 in Ice Magic
    85 | D:1      | Reached XP level 2. HP: 18/20 MP: 0/5
   436 | D:1      | Identified a +0 club
   478 | D:1      | Identified a +0 club
   507 | D:1      | Identified a +0 dagger
   519 | D:1      | Reached XP level 3. HP: 12/25 MP: 0/6
   751 | D:1      | Identified a +0 club
   806 | D:1      | Identified 2 scrolls of identify
   806 | D:1      | Identified 2 potions of berserk rage
   807 | D:1      | Identified a potion of lignification
   973 | D:1      | Learned a level 3 spell: Frozen Ramparts
   986 | D:2      | Identified a +0 spear
   986 | D:2      | Identified a +0 flail
   987 | D:2      | Identified a +0 spear
   994 | D:2      | Reached skill level 1 in Fighting
   994 | D:2      | Reached skill level 1 in Armour
   996 | D:2      | Reached XP level 4. HP: 30/32 MP: 2/7
  1065 | D:2      | Found a faded altar of an unknown god.
  1079 | D:2      | Identified a +0 cloak
  1181 | D:2      | Identified a +0 dagger
  1184 | D:2      | Identified a +0 whip
  1185 | D:2      | Identified a +0 spear
  1191 | D:2      | Identified a +0 club
  1197 | D:2      | Identified a +0 spear
  1200 | D:2      | HP: 7/32 [gnoll/+0 club (9)]
  1650 | D:2      | Reached XP level 5. HP: 37/37 MP: 6/9
  1654 | D:2      | Learned a level 3 spell: Ozocubu's Armour
  1743 | D:2      | Identified a +1 dagger of venom
  1850 | D:2      | Identified a +0 pair of gloves
  1969 | D:2      | Identified a +0 club
  1970 | D:2      | Identified a +0 club
  2098 | D:3      | Identified a +0 club
  2160 | D:3      | Identified a +0 dagger
  2161 | D:3      | Identified a +0 club
  2201 | D:3      | Identified a +0 giant spiked club
  2201 | D:3      | Noticed an ogre
  2208 | D:3      | Killed an ogre
  2209 | D:3      | Reached skill level 2 in Fighting
  2209 | D:3      | Reached skill level 2 in Armour
  2209 | D:3      | Reached skill level 3 in Dodging
  2209 | D:3      | Reached skill level 3 in Spellcasting
  2209 | D:3      | Reached skill level 6 in Ice Magic
  2305 | D:3      | Identified a +0 cloak
  2305 | D:3      | Identified a +0 ring mail
  2330 | D:3      | Identified a +3 mace
  2429 | D:3      | Identified a +0 dagger
  2429 | D:3      | Identified a +0 robe
  2431 | D:3      | Identified a +0 mace
  2431 | D:3      | Identified a +0 ring mail
  2432 | D:3      | Identified a +0 flail
  2432 | D:3      | Identified a +0 dagger
  2432 | D:3      | Identified a +0 robe
  2438 | D:3      | Reached XP level 6. HP: 44/44 MP: 6/10
  2441 | D:3      | Identified a +0 short sword
  2475 | D:3      | Identified a +0 dagger
  2475 | D:3      | Identified a +0 whip of electrocution
  2475 | D:3      | Identified a +0 leather armour
  2475 | D:3      | Identified a +0 whip
  2551 | D:3      | Identified a +0 dagger
  2605 | D:3      | Identified a +0 dagger
  2687 | D:3      | Identified a +0 short sword
  2812 | D:3      | Noticed Purgy
  2820 | D:3      | Killed Purgy
  2820 | D:3      | Identified a +0 troll leather armour {Purgy}
  2821 | D:3      | Reached skill level 3 in Stealth
  3018 | D:4      | Identified a +0 club
  3032 | D:4      | Reached skill level 7 in Ice Magic
  3032 | D:4      | Reached XP level 7. HP: 51/51 MP: 6/11
  3073 | D:4      | Found a staircase to the Ecumenical Temple.
  3074 | D:4      | Identified a +0 club
  3079 | D:4      | Identified a +0 dagger
  3079 | D:4      | Identified a +0 dagger
  3081 | D:4      | Identified a +0 club
  3082 | D:4      | Reached skill level 3 in Fighting
  3082 | D:4      | Reached skill level 3 in Armour
  3082 | D:4      | Identified a +0 dagger
  3082 | D:4      | Identified a +0 robe
  3104 | Temple   | Entered the Ecumenical Temple
  3154 | Temple   | Became a worshipper of Vehumet
  3219 | D:4      | Identified a +0 dagger
  3382 | D:4      | Learned a level 4 spell: Hailstorm
  3520 | D:4      | Identified a +0 short sword
  3662 | D:4      | Identified a +0 leather armour
  3666 | D:4      | Identified a +0 dagger
  3825 | D:4      | Identified a +0 robe
  3876 | D:4      | Identified a +0 short sword
  3959 | D:5      | Entered Level 5 of the Dungeon
  3960 | D:5      | Identified a +0 leather armour
  3973 | D:5      | Identified a +0 cloak
  4016 | D:5      | Identified 3 scrolls of blinking
  4017 | D:5      | Identified 3 scrolls of teleportation
  4018 | D:5      | Identified a scroll of silence
  4054 | D:5      | Identified a +0 club
  4064 | D:5      | Identified a +0 spear
  4065 | D:5      | Identified a +0 hand axe
  4082 | D:5      | Reached skill level 4 in Dodging
  4082 | D:5      | Reached skill level 1 in Conjurations
  4130 | D:5      | Reached skill level 4 in Fighting
  4130 | D:5      | Reached skill level 2 in Conjurations
  4130 | D:5      | Reached skill level 8 in Ice Magic
  4130 | D:5      | Reached XP level 8. HP: 45/60 MP: 10/12
  4153 | D:5      | Identified a +0 club
  4153 | D:5      | Identified a +1 vampiric whip
  4154 | D:5      | Identified 2 scrolls of fog
  4157 | D:5      | Found Vyickeb's Antique Weapon Emporium.
  4168 | D:5      | Reached skill level 4 in Armour
  4175 | D:5      | Bought a glowing falchion for 138 gold pieces
  4175 | D:5      | Identified a +2 falchion of holy wrath (You bought it in a
                  | shop on level 5 of the Dungeon)
  4251 | D:5      | Identified a +0 spear
  4251 | D:5      | Identified a +0 scale mail
  4251 | D:5      | Identified a +0 buckler
  4252 | D:5      | Identified a +0 club
  4270 | D:5      | Identified a +0 whip
  4270 | D:5      | Identified a +0 leather armour
  4275 | D:5      | Identified a +0 flail
  4297 | D:5      | Reached skill level 1 in Long Blades
  4351 | D:5      | Identified a +0 pair of gloves
  4412 | D:5      | Identified a +3 spear
  4412 | D:5      | Identified a +0 scale mail
  4412 | D:5      | Identified a +2 buckler
  4416 | D:5      | Reached * piety under Vehumet
  4416 | D:5      | Offered knowledge of Sandblast by Vehumet.
  4417 | D:5      | Reached skill level 1 in Evocations
  4451 | D:5      | Identified a +0 spear
  4451 | D:5      | Identified a +0 scale mail
  4451 | D:5      | Identified a +0 buckler
  4589 | D:5      | Noticed Prince Ribbit
  4598 | D:5      | HP: 14/60 [Prince Ribbit (13)]
  4599 | D:5      | HP: 1/60 [Prince Ribbit (14)]
  4600 | D:5      | Identified 3 potions of heal wounds
  4602 | D:5      | Killed Prince Ribbit
  4603 | D:5      | Reached skill level 1 in Shields
  4616 | D:5      | HP: 15/61 [shadow imp/nerve-wracking pain (5)]
  4822 | D:5      | Identified a +1 vorpal hand axe
  4866 | D:5      | Reached skill level 3 in Conjurations
  4942 | D:6      | Identified 2 potions of cancellation
  4953 | D:6      | Reached skill level 2 in Long Blades
  4968 | D:6      | Reached skill level 2 in Shields
  4968 | D:6      | Reached XP level 9. HP: 31/66 MP: 9/14
  4971 | D:6      | Identified a +0 dagger
  4971 | D:6      | Identified a +0 robe
  4974 | D:6      | Identified a +0 dagger
  4974 | D:6      | Identified a +0 robe
  4975 | D:6      | Identified a +0 trident
  4976 | D:6      | Identified a +0 falchion
  4976 | D:6      | Identified a +0 leather armour
  4983 | D:6      | Reached skill level 2 in Evocations
  5053 | D:6      | Learned a level 1 spell: Animate Skeleton
  5057 | D:6      | Learned a level 3 spell: Vampiric Draining
  5098 | D:6      | Identified a +0 club
  5098 | D:6      | Identified a +0 leather armour
  5099 | D:6      | Identified a +0 club
  5099 | D:6      | Identified a +0 leather armour
  5100 | D:6      | Identified a +0 hand axe
  5100 | D:6      | Identified a +0 hand axe
  5102 | D:6      | Identified a +0 club
  5125 | D:6      | Identified a potion of flight
  5154 | D:6      | Identified a +0 hand axe
  5154 | D:6      | Identified a +0 leather armour
  5158 | D:6      | Identified a +0 vorpal flail
  5161 | D:6      | Identified a +0 hand axe
  5211 | D:6      | Identified a +0 shortbow
  5211 | D:6      | Identified a +0 giant club
  5218 | D:6      | Reached skill level 5 in Armour
  5231 | D:6      | Reached skill level 4 in Stealth
  5231 | D:6      | Reached skill level 3 in Shields
  5231 | D:6      | Reached skill level 4 in Spellcasting
  5232 | D:6      | Reached skill level 5 in Fighting
  5248 | D:6      | Reached skill level 3 in Long Blades
  5248 | D:6      | Reached skill level 5 in Dodging
  5248 | D:6      | Reached skill level 1 in Necromancy
  5269 | D:6      | Identified a +0 quarterstaff
  5270 | D:6      | Identified a +1 long sword of holy wrath
  5277 | D:6      | Identified a +0 leather armour
  5281 | D:6      | Identified a +0 robe
  5291 | D:6      | Identified a +0 chain mail
  5295 | D:6      | Identified a +0 giant club
  5303 | D:6      | Reached ** piety under Vehumet
  5351 | D:6      | Offered knowledge of Magic Dart by Vehumet.
  5434 | D:6      | Found a transporter.
  5439 | D:6      | Identified a +0 robe
  5439 | D:6      | Noticed bande's ghost (novice GrFi)
  5463 | D:6      | Found a transporter.
  5489 | D:6      | Reached skill level 3 in Evocations
  5570 | D:6      | Identified a +0 rapier
  5718 | D:7      | Identified a +0 whip
  5718 | D:7      | Identified a +0 whip
  5718 | D:7      | Identified a +0 scale mail
  5718 | D:7      | Identified a +0 dagger
  5718 | D:7      | Identified a +0 robe
  5718 | D:7      | Identified a +0 dagger
  5718 | D:7      | Identified a +0 robe
  5718 | D:7      | Identified a +0 club
  5718 | D:7      | Identified a +0 ring mail
  5719 | D:7      | Identified a +0 spear
  5719 | D:7      | Identified a +0 robe
  5721 | D:7      | Found Quvuiciv's Armour Shoppe.
  5726 | D:7      | Reached skill level 9 in Ice Magic
  5726 | D:7      | Identified a +0 hand axe
  5727 | D:7      | Reached skill level 4 in Shields
  5727 | D:7      | Reached skill level 4 in Conjurations
  5727 | D:7      | Identified a +0 spear of venom
  5727 | D:7      | Identified a +0 robe
  5727 | D:7      | Identified a +0 giant club
  5728 | D:7      | Identified a +0 dagger
  5728 | D:7      | Identified a +0 robe
  5730 | D:7      | Identified a +5 short sword
  5730 | D:7      | Identified a +0 robe
  5731 | D:7      | Reached XP level 10. HP: 58/74 MP: 16/16
  5733 | D:7      | Identified a +0 battleaxe
  5733 | D:7      | Identified a +0 plate armour
  5739 | D:7      | Reached skill level 2 in Necromancy
  5754 | D:7      | Identified a +0 whip
  5754 | D:7      | Identified a +0 leather armour
  5815 | D:6      | Identified a +0 shortbow
  5847 | D:7      | Offered knowledge of Searing Ray by Vehumet.
  5848 | D:7      | Reached skill level 4 in Long Blades
  5857 | D:7      | Reached skill level 5 in Stealth
  5919 | D:7      | HP: 17/68 [poisoned by a wight]
  5920 | D:7      | HP: 8/68 [wight/+0 spear (7)]
  5925 | D:7      | HP: 4/99 [poisoned by a wight]
  6170 | D:7      | Identified a ring of protection from fire
  6193 | D:7      | Identified a ring of protection from cold
  6212 | D:7      | Identified a +0 ring mail
  6313 | D:8      | Identified a +0 flail
  6314 | D:8      | Identified a +0 long sword
  6314 | D:8      | Identified a +0 plate armour
  6314 | D:8      | Identified a +0 whip
  6315 | D:8      | Identified a +1 whip of electrocution
  6315 | D:8      | Identified a +0 scale mail
  6321 | D:8      | Identified a +0 flail
  6323 | D:8      | Identified a +0 whip
  6325 | D:8      | Identified a +0 hand axe
  6327 | D:8      | Identified a +2 dagger of speed
  6327 | D:8      | Identified a +0 leather armour
  6335 | D:8      | Reached *** piety under Vehumet
  6355 | D:8      | Found a staircase to the Lair.
  6400 | D:8      | Identified a +0 leather armour
  6416 | D:8      | Identified a +0 giant spiked club
  6416 | D:8      | Identified a +0 giant club
  6416 | D:8      | Noticed a two-headed ogre
  6486 | D:8      | Identified a +0 shortbow
  6494 | D:8      | Reached skill level 4 in Evocations
  6497 | D:8      | Reached skill level 5 in Spellcasting
  6510 | D:8      | Reached skill level 5 in Conjurations
  6533 | D:8      | Reached skill level 5 in Long Blades
  6533 | D:8      | Reached skill level 3 in Necromancy
  6605 | D:8      | Found a white marble altar of Elyvilon.
  6606 | D:8      | Identified a potion of ambrosia
  6731 | D:8      | Killed a two-headed ogre
  6732 | D:8      | Reached skill level 10 in Ice Magic
  6732 | D:8      | Reached skill level 5 in Evocations
  6888 | D:8      | Identified a +0 quarterstaff
  6956 | D:8      | Identified 2 scrolls of immolation
  6957 | D:8      | Identified 3 scrolls of enchant weapon
  6958 | D:8      | Identified 2 scrolls of fear
  6985 | D:9      | Identified a +0 whip
  6985 | D:9      | Identified a +0 whip
  6988 | D:9      | Identified a +0 short sword
  7099 | D:9      | Identified a +0 ring mail
  7104 | D:9      | Identified a +0 mace
  7105 | D:9      | Found a staircase to the Orcish Mines.
  7125 | D:9      | Offered knowledge of Inner Flame by Vehumet.
  7135 | D:9      | Reached skill level 6 in Long Blades
  7172 | D:9      | Reached skill level 4 in Necromancy
  7182 | D:9      | Reached XP level 11. HP: 33/79 MP: 14/18
  7182 | D:9      | Reached **** piety under Vehumet
  7486 | D:9      | Offered knowledge of Ignite Poison by Vehumet.
  7598 | D:9      | Identified a +1 vorpal flail
  7598 | D:9      | Identified a +0 halberd
  7598 | D:9      | Identified a +0 flail
  7598 | D:9      | Identified a +0 whip
  7598 | D:9      | Identified a +0 robe
  7598 | D:9      | Identified a +0 spear
  7598 | D:9      | Identified a +0 whip
  7598 | D:9      | Identified a +0 flail
  7598 | D:9      | Identified a +0 spear
  7598 | D:9      | Identified a +0 club
  7598 | D:9      | Identified a +0 robe
  7600 | D:9      | Identified a +0 halberd
  7600 | D:9      | Identified a +0 spear
  7602 | D:9      | Identified a +0 flail
  7612 | D:9      | Identified a +0 flail
  7612 | D:9      | Identified a +0 plate armour
  7618 | D:9      | Identified a +0 club
  7620 | D:9      | Identified a +0 hand axe
  7620 | D:9      | Identified a +0 chain mail
  7622 | D:9      | Identified a +0 giant club
  7626 | D:9      | Identified a +0 dagger
  7626 | D:9      | Identified a +0 robe
  7673 | D:9      | Identified a +0 giant club
  7680 | D:9      | Reached skill level 7 in Long Blades
  7724 | D:9      | Identified a +0 giant club
  7738 | D:9      | Identified a +0 dagger
  7836 | D:9      | Identified a +0 scimitar
  7836 | D:9      | Identified a +0 chain mail
  7836 | D:9      | Identified a +0 dire flail
  7836 | D:9      | Identified a +0 plate armour
  7836 | D:9      | Identified a +0 giant spiked club
  7853 | D:9      | Identified a +0 giant club
  7883 | D:9      | Identified a +0 club
  7883 | D:9      | Identified a +0 robe
  7896 | D:9      | Identified a +0 falchion
  8033 | D:10     | Entered Level 10 of the Dungeon
  8086 | D:10     | Identified a +0 dagger
  8086 | D:10     | Identified a +0 robe
  8101 | D:10     | Reached skill level 5 in Necromancy
  8152 | D:10     | Identified a potion of degeneration
  8166 | D:10     | Identified a +0 giant spiked club
  8166 | D:10     | Identified a +0 giant spiked club
  8166 | D:10     | Noticed a two-headed ogre
  8184 | D:10     | Killed a two-headed ogre
  8185 | D:10     | Reached skill level 11 in Ice Magic
  8360 | D:10     | Reached skill level 8 in Long Blades
  8395 | D:10     | Identified a +0 fustibalus
  8605 | D:10     | Identified a scroll of brand weapon
  8606 | D:10     | Identified a scroll of holy word
  8607 | D:10     | Identified a scroll of torment
  8608 | D:10     | Identified a scroll of magic mapping
  8609 | D:10     | Identified a scroll of enchant armour
  8610 | D:10     | Identified a scroll of noise
  8611 | D:10     | Identified a scroll of summoning
  8611 | D:10     | Identified a +0 short sword
  8611 | D:10     | Identified a +0 short sword
  8611 | D:10     | Identified a +0 short sword
  8611 | D:10     | Identified a +0 short sword
  8611 | D:10     | Identified a +3 whip
  8611 | D:10     | Identified a +0 short sword
  8611 | D:10     | Identified a +0 club
  8827 | D:10     | Identified a +0 leather armour
  8963 | D:11     | Noticed a cyclops
  8977 | D:11     | Killed a cyclops
  8978 | D:11     | Reached skill level 6 in Necromancy
  9071 | D:11     | Found Veug's Weapon Emporium.
  9172 | D:11     | Found Ussuntes's Changing Room.
  9173 | D:11     | You fall into a shaft and drop 1 floor!
  9222 | D:12     | Noticed a seven-headed hydra
  9230 | D:12     | HP: 19/79 [seven-headed hydra (12)]
  9233 | D:12     | Killed a seven-headed hydra
  9259 | D:12     | Identified a +0 shortbow
  9261 | D:12     | Identified a +0 shortbow
  9262 | D:12     | Identified a +0 shortbow
  9262 | D:12     | Identified a +0 shortbow
  9266 | D:12     | HP: 19/79 [centaur/arrow (7)]
  9377 | D:12     | Identified a +0 shortbow
  9394 | D:12     | Reached skill level 9 in Long Blades
  9463 | D:12     | Noticed a cyclops
  9478 | D:12     | Killed a cyclops
  9478 | D:12     | Reached ***** piety under Vehumet
  9479 | D:12     | Reached skill level 12 in Ice Magic
  9479 | D:12     | Reached XP level 12. HP: 64/86 MP: 16/19
  9605 | D:12     | Learned a level 5 spell: Iskenderun's Battlesphere
  9607 | D:12     | Learned a level 1 spell: Pain
  9623 | D:12     | Identified a +0 giant club
  9623 | D:12     | Identified a +0 giant club
  9623 | D:12     | Noticed a two-headed ogre
  9631 | D:12     | Killed a two-headed ogre
  9631 | D:12     | Offered knowledge of Freezing Cloud by Vehumet.
  9637 | D:12     | Identified a scroll of vulnerability
  9871 | D:12     | Identified a +0 ring mail
 10120 | D:12     | Identified a +0 long sword
 10121 | D:12     | Identified a +0 long sword
 10122 | D:12     | Identified a +0 glaive
 10319 | Lair:1   | Entered Level 1 of the Lair of Beasts
 10488 | Lair:1   | Noticed an eight-headed hydra
 10495 | Lair:1   | Killed an eight-headed hydra
 10496 | Lair:1   | Reached skill level 7 in Necromancy
 11209 | Lair:1   | Reached skill level 6 in Spellcasting
 11319 | Lair:2   | Identified an amulet of faith
 11458 | Lair:2   | Found a staircase to the Swamp.
 11552 | Lair:2   | Noticed a seven-headed hydra
 11562 | Lair:2   | Reached skill level 6 in Conjurations
 11562 | Lair:2   | Killed a seven-headed hydra
 11580 | Lair:2   | Identified a +0 helmet
 11614 | Lair:2   | Reached skill level 10 in Long Blades
 11879 | Lair:2   | Noticed a seven-headed hydra
 11889 | Lair:2   | Killed a seven-headed hydra
 11890 | Lair:2   | Reached skill level 7 in Spellcasting
 12084 | Lair:2   | Reached skill level 8 in Spellcasting
 12136 | Lair:2   | Learned a level 5 spell: Freezing Cloud
 12138 | Lair:2   | Learned a level 1 spell: Shock
 12195 | Lair:2   | Identified a +0 barding
 12469 | Lair:3   | Identified Hexkiqas's Witchery Continued
 12481 | Lair:3   | Identified a +2 hat of see invisible
 12481 | Lair:3   | Noticed Gastronok
 12508 | Lair:3   | Killed Gastronok
 12509 | Lair:3   | Gained mutation: You can hop long distances. [Barachi
                  | growth]
 12509 | Lair:3   | Reached XP level 13. HP: 80/92 MP: 25/25
 12842 | Lair:3   | Identified a potion of resistance
 13025 | D:6      | Killed bande's ghost
 13034 | D:6      | Identified a +4 fustibalus
 13037 | D:6      | Identified a potion of invisibility
 13324 | Lair:3   | Identified a +2 pair of gloves
 13678 | Lair:3   | Reached skill level 6 in Fighting
 13678 | Lair:3   | Reached skill level 6 in Armour
 13983 | Lair:3   | Noticed a dire elephant
 13983 | Lair:3   | Noticed a dire elephant
 14009 | Lair:3   | Found a runed translucent door.
 14033 | Lair:3   | Reached skill level 7 in Conjurations
 14033 | Lair:3   | Reached skill level 13 in Ice Magic
 14068 | Lair:3   | Killed a dire elephant
 14069 | Lair:3   | Reached skill level 6 in Dodging
 14177 | Lair:3   | Killed a dire elephant
 14178 | Lair:3   | Reached skill level 8 in Necromancy
 14351 | Lair:4   | Identified a +1 short sword of venom
 14351 | Lair:4   | Noticed Sonja
 14354 | Lair:4   | Killed Sonja
 14471 | Lair:4   | Found a staircase to the Snake Pit.
 14506 | Lair:4   | Identified a +0 chain mail
 14605 | Lair:4   | Identified a +0 plate armour
 14639 | Lair:4   | Identified a potion of attraction
 14640 | Lair:4   | Identified a potion of magic
 14755 | Lair:4   | Identified a potion of brilliance
 15036 | Lair:4   | Identified a +0 falchion
 15046 | Lair:4   | Identified the +0 robe "Jesuevas" {rPois rN+ Will+ Stlth+}
 15131 | Lair:4   | Identified a +0 spear
 15303 | Lair:5   | Identified a +2 longbow of flaming
 15303 | Lair:5   | Identified a +0 barding of stealth
 15303 | Lair:5   | Noticed Nessos
 15312 | Lair:5   | Killed Nessos
 15469 | Lair:5   | Identified a +0 cloak
 15561 | Lair:5   | Identified a +0 dagger
 15597 | Lair:5   | Noticed Kirke
 15620 | Lair:5   | Killed Kirke
 15621 | Lair:5   | Reached skill level 7 in Fighting
 15621 | Lair:5   | Reached skill level 11 in Long Blades
 15621 | Lair:5   | Reached skill level 9 in Spellcasting
 15634 | Lair:5   | Learned a level 3 spell: Mephitic Cloud
 15720 | Lair:5   | Identified a potion of mutation
 15722 | Lair:5   | Identified a +1 leather armour of willpower
 15813 | Lair:5   | Identified a +0 scale mail
 16216 | Lair:6   | Entered Level 6 of the Lair of Beasts
 16223 | Lair:6   | Offered knowledge of Lee's Rapid Deconstruction by Vehumet.
 16229 | Lair:6   | Reached skill level 7 in Armour
 16233 | Lair:6   | Reached XP level 14. HP: 84/103 MP: 23/27
 16327 | Lair:6   | Reached skill level 1 in Air Magic
 16328 | Lair:6   | Reached skill level 1 in Poison Magic
 16360 | Lair:6   | Identified a +0 mace
 16369 | Lair:6   | Identified +0 steam dragon scales
 16375 | Lair:6   | Identified a +3 flail of protection
 16397 | Lair:6   | Reached skill level 7 in Dodging
 16441 | Lair:6   | Found a large runed translucent door.
 16441 | Lair:6   | Found a large runed translucent door.
 16473 | Lair:6   | Reached skill level 8 in Conjurations
 16477 | Lair:6   | Reached skill level 2 in Air Magic
 16477 | Lair:6   | Reached skill level 2 in Poison Magic
 16487 | Lair:6   | Identified a +0 flail
 16585 | Lair:6   | Identified +0 fire dragon scales
 17212 | Lair:6   | Found a staircase to the Slime Pits.
 17371 | Lair:6   | Reached skill level 8 in Fighting
 17371 | Lair:6   | Reached skill level 3 in Poison Magic
 17485 | Lair:6   | Identified a ring of poison resistance
 17494 | Lair:6   | Reached skill level 3 in Air Magic
 17498 | Lair:6   | Reached skill level 8 in Armour
 17600 | Lair:6   | Identified a +0 club
 18334 | D:13     | Identified a +0 shortbow
 18426 | D:13     | Identified a +0 rapier
 18524 | D:13     | Found a portal to a secret trove of treasure.
 18549 | D:13     | Offered knowledge of Yara's Violent Unravelling by Vehumet.
 18698 | D:13     | Identified an amulet of the acrobat
 18756 | D:13     | Found a glowing silver altar of Zin.
 18756 | D:13     | Identified a +2 mace of holy wrath
 18756 | D:13     | Noticed an angel
 18783 | D:13     | Identified a +0 shortbow
 18786 | D:13     | Identified a +0 shortbow
 18791 | D:13     | Identified a +0 shortbow
 18791 | D:13     | Identified a +0 shortbow
 18791 | D:13     | Identified a +0 shortbow
 18848 | D:13     | Identified a +1 halberd of flaming
 18848 | D:13     | Identified a +0 ring mail
 18852 | D:13     | Identified a +0 broad axe
 18852 | D:13     | Identified a +0 ring mail
 18852 | D:13     | Identified a +2 kite shield of fire resistance
 18971 | D:13     | Identified a +0 shortbow
 18971 | D:13     | Identified a +0 shortbow
 18971 | D:13     | Identified a +0 shortbow
 18972 | D:13     | Identified a +0 longbow
 18973 | D:13     | Identified a +0 shortbow
 19034 | D:13     | Identified a +0 shortbow
 19113 | D:13     | Reached skill level 9 in Necromancy
 19141 | D:13     | Identified a potion of might
 19267 | D:14     | Identified a +0 hand axe
 19268 | D:14     | Identified a +0 whip
 19269 | D:14     | Identified a +0 dagger
 19269 | D:14     | Identified a +0 robe
 19271 | D:14     | Identified a +0 whip
 19272 | D:14     | Identified a +0 dagger
 19272 | D:14     | Identified a +0 robe
 19273 | D:14     | Identified a +1 dagger of venom
 19273 | D:14     | Identified a +0 robe
 19280 | D:13     | Reached XP level 15. HP: 74/111 MP: 0/28
 19441 | D:14     | Identified a +0 hand axe
 19441 | D:14     | Identified a +0 ring mail
 19441 | D:14     | Identified a +0 longbow
 19442 | D:14     | Identified a +0 longbow
 19533 | D:14     | Identified a +0 shortbow of freezing
 19533 | D:14     | Identified a +0 buckler
 19533 | D:14     | Identified a +0 long sword
 19534 | D:14     | Identified a +0 shortbow
 19630 | D:14     | Found the +2 cloak of the Thief {*Fog Slay-2 SInv Stlth+}
 19641 | D:14     | Identified a +3 war axe
 19645 | D:14     | Identified a +0 leather armour
 19646 | D:14     | Identified a +0 rapier
 19646 | D:14     | Identified a +0 chain mail
 19654 | D:14     | Reached skill level 8 in Dodging
 19654 | D:14     | Reached skill level 14 in Ice Magic
 19677 | D:14     | Identified a +0 dagger
 19785 | D:14     | Identified the ring "Xag Ulah" {Contam Fly rElec rPois rN+}
 19797 | D:14     | HP: 22/112 [fire crab] (8)]
 19801 | D:14     | HP: 3/112 [cloud of freezing vapour (25)]
 19909 | D:14     | Identified a +4 vorpal long sword
 19912 | D:14     | Identified a +0 trident
 19912 | D:14     | Identified a +0 hunting sling
 19945 | D:14     | Identified +0 acid dragon scales
 19949 | D:14     | HP: 23/112 [fire dragon/blast of flame (54)]
 19951 | D:14     | Identified a +0 dagger
 19951 | D:14     | Identified a +0 robe
 19951 | D:14     | Identified a +0 shortbow
 19955 | D:13     | HP: 24/112 [cyclops (7)]
 19961 | D:13     | HP: 3/112 [cyclops (13)]
 19962 | D:13     | Mangled by a cyclops

Table legend: (Time is in decaauts)
 A = Elapsed time spent in this place.
 B = Non-inter-level travel time spent in this place.
 C = Inter-level travel time spent in this place.
 D = Time resting spent in this place.
 E = Time spent auto-exploring this place.
 F = Levels seen in this place.
 G = Mean time per level.
                   A        B        C        D        E       F      G
               +--------+--------+--------+--------+--------+-----+--------+
         Total |  22714 |  20977 |   1737 |   4068 |  12714 |  21 | 1081.6 |
       Dungeon |  14009 |  12974 |   1035 |   2551 |   7565 |  14 | 1000.6 |
        Temple |     90 |     61 |     29 |      0 |      0 |   1 |   90.0 |
          Lair |   8614 |   7943 |    671 |   1516 |   5149 |   6 | 1435.7 |
               +--------+--------+--------+--------+--------+-----+--------+

Top non-repeatable levels by time:
  Lair:3: 1940 daAuts
  Lair:6: 1863 daAuts
    D:13: 1543 daAuts
    D:12: 1486 daAuts
     D:9: 1440 daAuts
  Lair:5: 1294 daAuts
  Lair:2: 1284 daAuts
  Lair:1: 1263 daAuts
     D:2: 1238 daAuts
     D:6: 1124 daAuts
     D:5: 1103 daAuts
     D:1: 1084 daAuts
     D:4: 1071 daAuts
     D:3: 987 daAuts
  Lair:4: 968 daAuts

Table legend:
 A = Kills in this place as a percentage of kills in entire the game.
 B = Kills by you in this place as a percentage of kills by you in the entire game.
 C = Kills by friends in this place as a percentage of kills by friends in the entire game.
 D = Other kills in this place as a percentage of other kills in the entire game.
 E = Experience gained in this place as a percentage of experience gained in the entire game.
 F = Experience gained in this place divided by the number of levels of this place that you have seen.
                   A       B       C       D       E      F
               +-------+-------+-------+-------+-------+----------------------
         Total | 100.0 | 100.0 |   N/A | 100.0 | 100.0 | 4587.8
       Dungeon |  68.3 |  68.2 |   N/A | 100.0 |  41.1 | 2831.4
          Lair |  31.7 |  31.8 |   N/A |   0.0 |  58.9 | 9450.8
               +-------+-------+-------+-------+-------+----------------------

Skill      XL: |  1  2  3  4  5  6  7  8  9 10 11 12 13 14 15 |
---------------+----------------------------------------------+-----
Stealth        | 2 3 4 5 |  5.0
Ice Magic      | 5 6 7 8 9 10 12 13 14 | 14.0
Fighting       | 1 2 4 5 7 8 |  8.7
Armour         | 1 2 3 4 5 7 8 |  8.7
Dodging        | 3 4 5 6 7 8 |  8.1
Spellcasting   | 3 4 5 8 9 |  9.9
Conjurations   | 2 3 4 5 6 7 8 |  8.9
Long Blades    | 2 3 6 9 10 11 | 11.9
Evocations     | 1 3 5 |  5.0
Shields        | 2 4 |  4.8
Necromancy     | 1 4 6 7 8 9 |  9.1
Air Magic      | 3 |  3.0
Poison Magic   | 3 |  3.0

Action                   |  1- 3 |  4- 6 |  7- 9 | 10-12 | 13-15 || total
-------------------------+-------+-------+-------+-------+-------++-------
Melee: Whip              |    35 |    26 |   100 |       |       ||   161
       Unarmed           |     5 |       |       |       |       ||     5
       Flail             |       |    24 |       |       |       ||    24
       Dagger            |       |    45 |       |    10 |       ||    55
       Falchion          |       |       |   116 |       |       ||   116
       Long sword        |       |       |    25 |   280 |       ||   305
       Scimitar          |       |       |       |   189 |   347 ||   536
Throw: Dart              |       |     1 |       |     3 |       ||     4
 Cast: Freeze            |    16 |    23 |    16 |    46 |    52 ||   153
       Frozen Ramparts   |     1 |     8 |    22 |    36 |    26 ||    93
       Ozocubu's Armour  |       |     1 |     1 |    14 |     5 ||    21
       Vampiric Draining |       |       |       |    38 |    16 ||    54
       Hailstorm         |       |       |       |     3 |       ||     3
       Freezing Cloud    |       |       |       |       |    74 ||    74
       Mephitic Cloud    |       |       |       |       |     1 ||     1
       Shock             |       |       |       |       |     1 ||     1
 Abil: Hop               |     1 |     1 |       |     6 |     5 ||    13
Evoke: Wand              |       |       |       |    20 |    11 ||    31
  Use: Scroll            |     2 |       |     6 |    17 |     9 ||    34
       Potion            |       |       |     1 |     1 |       ||     2
 Stab: Sleeping          |     1 |     3 |     8 |     2 |     6 ||    20
       Distracted        |       |       |     1 |     1 |       ||     2
Armor: Robe              |    24 |    38 |       |       |       ||    62
       Troll leather arm |       |     4 |   107 |   186 |   179 ||   476
Dodge: Dodged            |    52 |   103 |   203 |   400 |   385 ||  1143
Block: Buckler           |       |       |    51 |   234 |   216 ||   501
       Rpst.: Falchion   |       |       |    34 |       |       ||    34
       Long sword        |       |       |     4 |    53 |       ||    57
       Scimitar          |       |       |       |    46 |    73 ||   119

Vanquished Creatures
  Gastronok (Lair:3)
  Kirke (Lair:5)
  Nessos (Lair:5)
  2 dire elephants (Lair:3)
  A fire dragon (Lair:6)
  10 hydras
  3 two-headed ogres
  2 tengu warriors (D:13)
  6 centaur warriors
  Sonja (Lair:4)
  2 fire crabs
  A lindwurm (Lair:4)
  3 deep elf pyromancers
  3 manticores
  2 wizards
  An orb spider (shapeshifter) (D:14)
  4 cyclopes
  The ghost of bande the Covered, a novice GrFi of Okawaru (D:6)
  13 elephants
  5 black mambas
  3 molten gargoyles (Lair:6)
  11 cane toads
  A kobold demonologist (D:10)
  3 tengu conjurers
  3 rime drakes
  11 komodo dragons
  4 polar bears
  2 trolls
  Prince Ribbit (D:5)
  2 blink frogs
  A raiju (shapeshifter) (D:14)
  A dream sheep (Lair:3)
  3 slime creatures (D:13)
  3 shadows
  3 wraiths
  9 wyverns
  41 yaks
  8 basilisks
  4 hogs (Lair:5)
  5 steam dragons
  8 vampire mosquitoes
  11 water moccasins
  3 acid dragons
  An acid dragon (shapeshifter) (D:14)
  3 hell hounds (Lair:6)
  A two-headed ogre zombie (D:9)
  Purgy (D:3)
  3 ice beasts
  A sky beast (D:6)
  A black bear (D:6)
  6 orc warriors
  A necrophage (D:5)
  9 ogres
  18 centaurs
  14 wolves
  6 phantoms
  8 bullfrogs
  2 kobold brigands (D:9)
  3 gnoll sergeants (D:5)
  A water moccasin zombie (D:5)
  2 scorpions (D:6)
  2 wyvern skeletons
  2 water moccasin skeletons
  8 killer bees
  3 troll zombies (D:9)
  3 wights (D:7)
  An electric eel (Lair:3)
  4 centaur zombies
  5 lava snakes (Lair:6)
  6 hounds
  4 quasits (D:6)
  7 orc priests
  6 jellies
  4 gnoll shamans
  A bullfrog skeleton (D:7)
  A centaur skeleton (D:7)
  2 iguanas (D:5)
  10 orc wizards
  A hell rat (Lair:3)
  2 killer bee zombies
  4 ogre zombies (D:9)
  A howler monkey zombie (D:6)
  4 adders
  28 gnolls
  A howler monkey skeleton (D:5)
  2 shadow imps
  2 ufetubi
  A dart slug (D:4)
  31 orcs
  6 bats
  4 endoplasms
  3 giant cockroaches
  10 goblins
  2 hobgoblins
  10 jackals
  7 kobolds
  5 quokkas
  6 ball pythons
  5 frilled lizards
  2 goblin skeletons (D:9)
  4 goblin zombies (D:9)
  A hobgoblin skeleton (D:9)
  3 hobgoblin zombies (D:9)
  6 orc skeletons (D:9)
  9 orc zombies (D:9)
  3 rats
517 creatures vanquished.

Vanquished Creatures (others)
  22 fungi
  15 plants
  8 toadstools (Lair:3)
45 creatures vanquished.

Grand Total: 562 creatures vanquished
